 Dungeon Crawl Stone Soup version 0.26.0-15-gc6cd9f700b (webtiles) character file.

Game seed: 6206648445524438909

4049 runemasterragnar the Ogre Mage (level 10, -7/98 HPs)
             Began as an Ogre Fire Elementalist on Jan 16, 2021.
             Was an Initiate of Gozag.
             Mangled by an elephant (18 damage)
             ... on level 8 of the Dungeon.
             The game lasted 00:19:17 (11785 turns).

runemasterragnar the Ogre Mage (OgFE)              Turns: 11785, Time: 00:19:20

Health: -7/98      AC:  5    Str: 14    XL:     10   Next: 24%
Magic:  14/22      EV: 11    Int: 25    God:    Gozag
Gold:   1039       SH:  0    Dex:  9    Spells: 12/25 levels left

rFire    . . .     SeeInvis +   q - +2 battleaxe (vamp)
rCold    . . .     Faith    .   (shield currently unavailable)
rNeg     . . .     Spirit   .   a - +0 robe
rPois    .         Reflect  .   (helmet restricted)
rElec    .         Harm     .   (no cloak)
rCorr    .         Rampage  .   (gloves unavailable)
Will     +....                  (boots unavailable)
Stlth    +.........             (no amulet)
HPRegen  0.26/turn              l - ring of see invisible
MPRegen  0.18/turn              v - +6 ring of intelligence

@: gold aura
A: large, unfitting armour, antennae 1, thin metallic scales 1, sense
surroundings 1, tough skin 1
a: Renounce Religion, Potion Petition, Call Merchant, Bribe Branch


You were on level 8 of the Dungeon.
You worshipped Gozag.
Gozag was most pleased with you.
You visited 1 branch of the dungeon, and saw 8 of its levels.

You collected 1081 gold pieces.
You paid 42 gold pieces to Gozag.

Inventory:

Hand Weapons
 d - a +1 mace
 j - a +0 broad axe
 n - a +3 battleaxe
 q - a +2 vampiric battleaxe (weapon)
Armour
 a - a +0 robe (worn)
Jewellery
 b - an uncursed ring of ice
 i - an uncursed ring of resist corrosion
 l - a ring of see invisible (left hand)
 v - a +6 ring of intelligence (right hand)
Wands
 c - a wand of flame (22)
 k - a wand of acid (14)
 w - a wand of digging (4)
Scrolls
 f - 4 scrolls of teleportation
 h - a scroll of enchant armour {unknown}
 m - 4 scrolls of immolation
 u - 7 scrolls of remove curse
Potions
 e - a potion of attraction
 g - 3 potions of flight
 o - a potion of haste
 p - a potion of resistance
 r - a potion of invisibility {unknown}
 s - 4 potions of curing
 t - 3 potions of heal wounds


   Skills:
 + Level 6.2 Fighting
 - Level 1.0 Maces & Flails
 + Level 5.0 Dodging
 - Level 1.4 Stealth
 * Level 8.2 Spellcasting
 * Level 6.6 Conjurations
 * Level 7.2 Fire Magic


You had 12 spell levels left.
You knew the following spells:

 Your Spells              Type           Power        Failure   Level
a - Foxfire               Conj/Fire      100%         1%          1
b - Conjure Flame         Conj/Fire      45%          1%          3
c - Sticky Flame          Conj/Fire      45%          3%          4
d - Fireball              Conj/Fire      22%          10%         5

Your spell library contained the following spells:

 Spells                   Type           Power        Failure   Level
 Inner Flame              Hex/Fire       28%          4%          3


Dungeon Overview and Level Annotations

Branches:
Dungeon (8/15)             Temple (0/1) D:7            Lair (0/6) D:8

Altars:
Ashenzari
Elyvilon
Fedhas
Gozag
Wu Jian

Shops:
D:2 *   D:7 [


Innate Abilities, Weirdness & Mutations

You are too large for most types of armour.
You have tough skin. (AC +1)
You have a pair of small antennae on your head.
You are partially covered in thin metallic scales. (AC +2)
You passively map a small area around you.


Message History

The elephant is lightly wounded.
The elephant is covered in liquid flames!
The elephant burns!
The elephant tramples you!
* * * LOW HITPOINT WARNING * * *
You stumble backwards!
The elephant burns!
The elephant tramples you!
* * * LOW HITPOINT WARNING * * *
You hold your ground!
The elephant misses you.
The elephant burns!
You feel much better.
The elephant burns!
Casting: Sticky Flame (dangerous; 3% risk of failure)
Confirm with . or Enter, or press ? or * to list all spells.
Okay, then.
You slash the elephant!
The elephant is moderately wounded.
The elephant burns! x2; The elephant tramples you!
* * * LOW HITPOINT WARNING * * *
You stumble backwards!
The elephant tramples you!!
You die...
Your body crumbles into a pile of gold.

.# .# .# .# ###### .# #....# .#
#....# .# #....#
.########################....#
...............Y@.....>.+....#
.#########..$.....####.##....# .#
#.........# #.##....# )#
#.........# #.##....# .#
#.........# #.##....# .# *
##'######.# #.###.### ... , #.#
#<# #.# #.#
....,.#####.##########.###.######
.........)......................#


You could see an elephant (burning).

Vanquished Creatures
  Harold (D:7)
  Pikel (D:5)
  Joseph (D:7)
  A hornet (D:8)
  Sigmund (D:5)
  A basilisk (D:8)
  Edmund (D:5)
  An ice beast (D:7)
  A sky beast (D:8)
  A black bear (D:8)
  3 ogres
  A centaur (D:8)
  A lemure (D:5)
  Blork the orc (D:5)
  4 bullfrogs
  5 wights (D:6)
  A howler monkey (D:8)
  3 jellies
  A hound (D:6)
  2 orc wizards
  A centaur skeleton (D:4)
  4 iguanas
  2 worker ants
  Natasha (thrice) (D:2)
  A hound zombie (D:5)
  A hound skeleton (D:4)
  Robin (D:2)
  4 gnolls
  A howler monkey skeleton (D:5)
  6 adders
  3 white imps (D:8)
  2 ufetubi
  An ooze (D:1)
  An adder skeleton (D:6)
  2 adder zombies
  2 worms
  A dart slug (D:5)
  6 leopard geckos
  12 orcs
  A ball python (D:1)
  6 bats
  4 giant cockroaches
  11 hobgoblins
  5 jackals
  5 kobolds
  4 quokkas
  6 frilled lizards
  13 goblins
  A jackal zombie (D:6)
  A leopard gecko skeleton (D:4)
  A leopard gecko zombie (D:6)
  7 rats
151 creatures vanquished.

Vanquished Creatures (others)
  409 foxfires
  2 fungi (D:8)
  A plant (D:8)
412 creatures vanquished.

Grand Total: 563 creatures vanquished

Notes
Turn   | Place    | Note
-------+----------+-------------------------------------------
     0 | D:1      | runemasterragnar the Ogre Fire Elementalist began the quest
                  | for the Orb.
     0 | D:1      | Reached XP level 1. HP: 16/16 MP: 3/3
   317 | D:1      | Reached skill level 1 in Conjurations
   328 | D:1      | Reached XP level 2. HP: 23/26 MP: 2/5
  1122 | D:1      | Reached XP level 3. HP: 10/32 MP: 3/6
  1126 | D:1      | Learned a level 3 spell: Conjure Flame
  1754 | D:2      | Reached skill level 1 in Fighting
  1776 | D:2      | Reached XP level 4. HP: 20/41 MP: 0/8
  1809 | D:2      | Learned a level 4 spell: Sticky Flame
  1989 | D:2      | Reached skill level 1 in Maces & Flails
  2400 | D:2      | Noticed Natasha
  2402 | D:2      | Found Gozag's Platinum Reserve.
  2406 | D:2      | Killed Natasha
  2407 | D:2      | Reached skill level 3 in Spellcasting
  2429 | D:2      | Found an opulent altar of Gozag.
  2547 | D:2      | Became a worshipper of Gozag Ym Sagoz the Greedy
  2842 | D:2      | Reached XP level 5. HP: 24/48 MP: 3/9
  3009 | D:2      | Noticed Robin
  3015 | D:2      | Killed Robin
  3134 | D:2      | Noticed Natasha
  3139 | D:2      | Killed Natasha
  3231 | D:2      | Found an ornate altar of the Wu Jian Council.
  3342 | D:2      | Found an opulent altar of Gozag.
  3347 | D:2      | Found a white marble altar of Elyvilon.
  3406 | D:2      | Noticed Natasha
  3412 | D:2      | Found a blossoming altar of Fedhas.
  3424 | D:2      | HP: 2/48 [Natasha (7)]
  3431 | D:2      | Killed Natasha
  5025 | D:4      | Reached XP level 6. HP: 51/57 MP: 11/11
  5347 | D:4      | Reached skill level 4 in Spellcasting
  5624 | D:4      | Learned a level 5 spell: Fireball
  6416 | D:5      | Entered Level 5 of the Dungeon
  6428 | D:5      | Noticed Blork the orc
  6440 | D:5      | Killed Blork the orc
  6441 | D:5      | Reached XP level 7. HP: 66/66 MP: 3/13
  6976 | D:5      | Noticed Sigmund
  6985 | D:5      | Killed Sigmund
  7287 | D:5      | Found a broken altar of Ashenzari.
  7486 | D:5      | Noticed Pikel
  7499 | D:5      | Killed Pikel
  7500 | D:5      | Reached skill level 5 in Spellcasting
  7500 | D:5      | Reached skill level 5 in Fire Magic
  7500 | D:5      | Reached XP level 8. HP: 42/78 MP: 3/16
  7706 | D:5      | Noticed Edmund
  7717 | D:5      | Killed Edmund
  8026 | D:6      | Reached skill level 6 in Spellcasting
  8605 | D:6      | Reached skill level 5 in Conjurations
  8732 | D:6      | Reached XP level 9. HP: 85/85 MP: 15/18
  9378 | D:7      | Noticed Joseph
  9409 | D:7      | Killed Joseph
  9410 | D:7      | Reached skill level 5 in Fighting
  9627 | D:7      | Found Liupse's Armour Shop.
  9640 | D:7      | Gained mutation: You have a pair of small antennae on your
                  | head. [potion of mutation]
  9640 | D:7      | Gained mutation: You passively map a small area around you.
                  | [potion of mutation]
  9640 | D:7      | Gained mutation: You are partially covered in thin metallic
                  | scales. (AC +2) [potion of mutation]
  9675 | D:7      | Reached skill level 7 in Spellcasting
  9825 | D:7      | Noticed Harold
 10209 | D:7      | Killed Harold
 10227 | D:7      | Reached XP level 10. HP: 38/98 MP: 16/21
 10468 | D:7      | Found a staircase to the Ecumenical Temple.
 11013 | D:8      | Reached skill level 8 in Spellcasting
 11731 | D:8      | Reached skill level 5 in Dodging
 11763 | D:8      | Noticed an elephant
 11782 | D:8      | HP: 4/98 [elephant (11)]
 11785 | D:8      | Mangled by an elephant

Illustrated notes

Levels and vault maps discovered:
D:1:      dpeg_arrival_round_a, layout_basic
D:2:      layout_basic, nicolae_overflow_hidden_temple, fedhas_altar_1,
          nicolae_gozag_zags_fifth_avenue, uniq_natasha, uniq_robin
D:3:      layout_basic, minmay_circle_x
D:4:      layout_basic, minmay_misc_feat_rugged
D:5:      layout_cave_pods, basic_altar, kennysheep_generic_room_13,
          uniq_sigmund, uniq_edmund, uniq_blork_the_orc, uniq_pikel
D:6:      layout_rooms
D:7:      layout_gridville, temple_statues, serial_shops,
          nicolae_shop_temple_entry_statues_fountains, uniq_joseph, uniq_harold
D:8:      layout_basic, david_lair_generic, chequers_garden

Skill      XL: |  1  2  3  4  5  6  7  8  9 10 |
---------------+-------------------------------+-----
Conjurations   | 1 2 3 4 5 6 |  6.6
Fire Magic     | 3 4 5 6 7 |  7.2
Dodging        | 2 3 4 5 |  5.0
Fighting       | 1 2 4 5 6 |  6.2
Maces & Flails | 1 |  1.0
Spellcasting   | 3 4 5 6 7 8 |  8.2
Stealth        | |  1.4

Action                   |  1- 3 |  4- 6 |  7- 9 | 10-12 || total
-------------------------+-------+-------+-------+-------++-------
Melee: Unarmed           |    10 |     3 |       |       ||    13
       Mace              |    69 |   134 |       |       ||   203
       Battleaxe         |       |       |    82 |    23 ||   105
 Cast: Foxfire           |    38 |    96 |   109 |    50 ||   293
       Conjure Flame     |     2 |     2 |       |     1 ||     5
       Sticky Flame      |       |     1 |    12 |     2 ||    15
Evoke: Wand              |       |       |     8 |       ||     8
  Use: Potion            |     1 |     4 |     5 |     1 ||    11
       Scroll            |       |     8 |     8 |     1 ||    17
 Stab: Sleeping          |     1 |       |       |       ||     1
Armor: Robe              |    25 |    39 |    24 |    18 ||   106
       Skin              |       |    14 |       |       ||    14
Dodge: Dodged            |    63 |   115 |    95 |    27 ||   300
